Map: Ruins of Endion

Players

masterbonsai

  • Race: Terran Terran
  • League: Master

Miszu - Winner!

  • Race: Terran Terran
  • League: Master

VOD

Have the link to the VOD?

Description

Time

  • Played on: May 3, 2016, 11:26 a.m.
  • Length: 5:34
Show
View Real Time Build Order
Export as new Build Order

masterbonsai Terran 

Build Orders:  

Get SALT Encoding   

  12  0:01  SCV  
  13  0:13  SCV  
  14  0:17  Supply Depot  
  14  0:25  SCV  
  15  0:39  SCV  
  15  0:40  Barracks  
  16  0:45  Refinery  
  16  0:51  SCV  
  17  1:03  SCV  
  18  1:15  SCV  
  19  1:27  Orbital Command  
  19  1:29  Barracks Reactor  
  19  1:46  Command Center  
  19  1:53  SCV  
  20  2:02  Supply Depot  
  20  2:07  SCV  
  21  2:09  Factory  
  21  2:11  Marine  
  21  2:12  Marine  
  23  2:19  Refinery  
  23  2:24  SCV  
  23  2:28  Marine  
  23  2:29  Marine  
  25  2:36  SCV  
  27  2:48  Marine x2, SCV  
  30  2:54  Starport  
  32  3:00  SCV  
  32  3:01  Orbital Command  
  31  3:11  Widow Mine  
  31  3:12  Marine  
  33  3:25  Engineering Bay, SCV  
  33  3:32  Viking  
  35  3:35  Marine, Orbital Command  
  35  3:36  Marine  
  37  3:47  Supply Depot  
  37  3:49  Factory Tech Lab  
  37  3:51  SCV  
  37  3:53  Marine  
  37  3:54  Marine  
  40  4:03  SCV  
  36  4:11  Marine  
  36  4:12  Marine  
  36  4:15  SCV  
  36  4:16  SCV  
  30  4:27  SCV  
  24  4:36  SCV  
  21  4:39  SCV  
  19  4:48  SCV  
  22  4:53  SCV  
  23  5:00  SCV  
  23  5:01  Siege Tank  
  23  5:04  Starport Tech Lab  
  23  5:06  SCV  
  26  5:09  Marine  
  26  5:10  Marine  
  26  5:13  Missile Turret  
  28  5:15  SCV  
  27  5:22  Missile Turret  
Show
View Real Time Build Order
Export as new Build Order

Miszu Terran - Winner!

Build Orders: 1/1/1, Banshee Rush 

Get SALT Encoding   

  12  0:00  SCV  
  13  0:12  SCV  
  14  0:17  Supply Depot  
  14  0:24  SCV  
  14  0:27  Refinery  
  15  0:39  SCV  
  16  0:45  Barracks  
  16  0:51  SCV  
  16  0:55  Refinery  
  17  1:03  SCV  
  18  1:15  SCV  
  19  1:28  SCV  
  20  1:33  Factory  
  20  1:34  Reaper  
  21  1:42  Orbital Command  
  21  1:53  Supply Depot  
  21  2:06  Reaper  
  21  2:08  SCV  
  23  2:17  Starport  
  23  2:22  Hellion  
  25  2:23  SCV  
  26  2:36  SCV  
  27  2:38  Reaper  
  28  2:46  Hellion  
  28  2:49  SCV  
  31  2:51  Supply Depot  
  31  3:13  Medivac  
  31  3:15  Barracks Tech Lab  
  31  3:19  SCV  
  34  3:24  Hellion  
  36  3:28  Command Center  
  36  3:31  SCV  
  37  3:43  SCV  
  37  3:46  Barracks Reactor  
  38  3:52  Supply Depot, Cloaking Field  
  38  3:56  SCV  
  38  3:58  Factory Tech Lab, Factory Reactor  
  39  4:13  Banshee  
  42  4:19  SCV  
  39  4:39  SCV  
  38  4:49  Orbital Command  
  38  4:51  SCV  
  36  4:52  Barracks  
  36  4:54  Barracks  
  36  4:57  Marine x2  
  36  4:58  Siege Tank  
  44  5:03  SCV  
  45  5:15  SCV  
  46  5:22  SCV  
Tags
 
Add a new tag
Caveats
  • Supply blocks, unpowered buildings, or Contaminate may cause inaccurate times.
  • Supply counts are checked every 10 seconds.